[gd_scene load_steps=100 format=3 uid="uid://cr76ojliejpfq"]

[ext_resource type="Script" path="res://game/characters/npcs/guards/example/guard_ai/guard_ai_example_duty_giver.gd" id="1_28isf"]
[ext_resource type="Texture2D" uid="uid://bpeu8pnanhj01" path="res://sprites/ground_floor/ground_floor.png" id="2_mbg1v"]
[ext_resource type="PackedScene" uid="uid://clgk1gdodyow7" path="res://game/characters/npcs/guards/individual_guards/templates/guard_1.tscn" id="3_08wls"]
[ext_resource type="PackedScene" uid="uid://rqgp7pmjvv1i" path="res://game/characters/npcs/patients/individual_patients/templates/patient_1/patient_1.tscn" id="4_vnssc"]
[ext_resource type="PackedScene" uid="uid://bmvfdjklas0ev" path="res://game/characters/npcs/patients/individual_patients/templates/patient_2/patient_2.tscn" id="5_1ivls"]
[ext_resource type="PackedScene" uid="uid://dwjp6cp0mcbfd" path="res://game/characters/npcs/patients/individual_patients/templates/patient_3/patient_3.tscn" id="6_qqxck"]
[ext_resource type="PackedScene" uid="uid://d1mwx2ses8tmw" path="res://game/characters/npcs/patients/individual_patients/templates/patient_4/patient_4.tscn" id="7_6iklk"]
[ext_resource type="PackedScene" uid="uid://d0q4jq6xsw4op" path="res://game/characters/npcs/patients/oldies/individual_patients/nigma.tscn" id="8_t4ab3"]
[ext_resource type="PackedScene" uid="uid://dxti3dg1f81k4" path="res://game/characters/npcs/patients/oldies/individual_patients/softing.tscn" id="9_mqhjn"]
[ext_resource type="PackedScene" uid="uid://cno05mlpd70d2" path="res://game/props/static/bed_table.tscn" id="10_77fkb"]
[ext_resource type="PackedScene" uid="uid://tw4hab2rhv6o" path="res://game/props/static/table.tscn" id="11_ian6q"]
[ext_resource type="PackedScene" uid="uid://257ke5socl1j" path="res://game/props/static/bookshelf.tscn" id="12_0p1vm"]
[ext_resource type="PackedScene" uid="uid://u8gdhjv0vep4" path="res://game/props/static/wooden_chair_front.tscn" id="13_esblu"]
[ext_resource type="PackedScene" uid="uid://cghmd0e0i1ljg" path="res://game/props/static/wooden_chair_side.tscn" id="14_uouv7"]
[ext_resource type="PackedScene" uid="uid://x54dbr37gpxg" path="res://game/props/static/television_v2.tscn" id="15_nsawu"]
[ext_resource type="PackedScene" uid="uid://bpv7hat7ci6p4" path="res://game/items/static/key_blue.tscn" id="16_tl4by"]
[ext_resource type="PackedScene" uid="uid://doj5kwkfbrjki" path="res://game/items/static/key_red.tscn" id="17_sn7me"]
[ext_resource type="PackedScene" uid="uid://85kq75xrlh5j" path="res://game/items/static/key_green.tscn" id="18_mxsmr"]
[ext_resource type="PackedScene" uid="uid://c3dl0c7gruq1e" path="res://game/items/static/plate.tscn" id="19_t42o1"]
[ext_resource type="PackedScene" uid="uid://d2asxrs54m25u" path="res://ui/journal/journal.tscn" id="20_5vuep"]
[ext_resource type="PackedScene" uid="uid://bcwkugn6v3oy7" path="res://addons/godot_state_charts/utilities/state_chart_debugger.tscn" id="21_8ll28"]
[ext_resource type="PackedScene" uid="uid://c8wm0nhkch5ot" path="res://game/props/static/wooden_chair_back.tscn" id="22_m25b4"]
[ext_resource type="PackedScene" uid="uid://jg8by3xafsga" path="res://game/props/static/paintings/painting_lada.tscn" id="23_bjkoy"]
[ext_resource type="PackedScene" uid="uid://drfbv7mj348hy" path="res://game/props/static/paintings/painting_castle.tscn" id="24_r161a"]
[ext_resource type="PackedScene" uid="uid://de1ma6v8iqssb" path="res://game/items/static/jack_daniels.tscn" id="25_uji0d"]
[ext_resource type="PackedScene" uid="uid://bbl3t4k2dsp7x" path="res://game/props/static/television_v1.tscn" id="26_nv6jd"]
[ext_resource type="PackedScene" uid="uid://cwny6gol5pxmp" path="res://game/props/static/flower_pot.tscn" id="27_6re6b"]
[ext_resource type="PackedScene" uid="uid://c64musdylsgqt" path="res://game/items/static/clipboard.tscn" id="28_olend"]
[ext_resource type="PackedScene" uid="uid://caitn2ut5ub54" path="res://game/characters/npcs/guards/guard_paths/factory/guard_duty_factory.tscn" id="29_xl886"]
[ext_resource type="PackedScene" uid="uid://bqqosoe3mr70w" path="res://game/characters/npcs/guards/guard_paths/factory/task_nodes/guard_goto_task_node.tscn" id="30_aou57"]
[ext_resource type="PackedScene" uid="uid://d2lkgo8lcc015" path="res://game/characters/npcs/guards/guard_paths/factory/task_nodes/guard_stand_task_node.tscn" id="31_pwi2b"]
[ext_resource type="PackedScene" uid="uid://bdc7vbqd0wys" path="res://game/characters/player/player_with_camera.tscn" id="32_vwgtx"]

[sub_resource type="WorldBoundaryShape2D" id="WorldBoundaryShape2D_2yvb5"]
distance = -2385.5

[sub_resource type="WorldBoundaryShape2D" id="WorldBoundaryShape2D_jcot8"]
normal = Vector2(0, 1)
distance = -2277.5

[sub_resource type="WorldBoundaryShape2D" id="WorldBoundaryShape2D_c2naw"]
normal = Vector2(-1, 0)
distance = -2385.5

[sub_resource type="WorldBoundaryShape2D" id="WorldBoundaryShape2D_xdt45"]
normal = Vector2(1, 0)
distance = -2385.5

[sub_resource type="RectangleShape2D" id="RectangleShape2D_tjd2b"]
size = Vector2(1085, 120)

[sub_resource type="RectangleShape2D" id="RectangleShape2D_5raq1"]
size = Vector2(116, 120)

[sub_resource type="RectangleShape2D" id="RectangleShape2D_puu5y"]
size = Vector2(20, 1132)

[sub_resource type="RectangleShape2D" id="RectangleShape2D_8akau"]
size = Vector2(122, 120)

[sub_resource type="RectangleShape2D" id="RectangleShape2D_ymt0p"]
size = Vector2(122, 120)

[sub_resource type="RectangleShape2D" id="RectangleShape2D_2ohb4"]
size = Vector2(20, 1000)

[sub_resource type="RectangleShape2D" id="RectangleShape2D_bql4v"]
size = Vector2(20, 244)

[sub_resource type="RectangleShape2D" id="RectangleShape2D_a6rax"]
size = Vector2(132, 120)

[sub_resource type="RectangleShape2D" id="RectangleShape2D_d3yjt"]
size = Vector2(137, 120)

[sub_resource type="RectangleShape2D" id="RectangleShape2D_u3clx"]
size = Vector2(388, 120)

[sub_resource type="RectangleShape2D" id="RectangleShape2D_i1bw4"]
size = Vector2(236, 120)

[sub_resource type="RectangleShape2D" id="RectangleShape2D_203g7"]
size = Vector2(222, 120)

[sub_resource type="RectangleShape2D" id="RectangleShape2D_alnon"]
size = Vector2(16, 1000)

[sub_resource type="RectangleShape2D" id="RectangleShape2D_1licr"]
size = Vector2(384, 120)

[sub_resource type="RectangleShape2D" id="RectangleShape2D_d1ioi"]
size = Vector2(370, 120)

[sub_resource type="RectangleShape2D" id="RectangleShape2D_f8uei"]
size = Vector2(20, 1000)

[sub_resource type="RectangleShape2D" id="RectangleShape2D_4j8jp"]
size = Vector2(748, 120)

[sub_resource type="RectangleShape2D" id="RectangleShape2D_0vekn"]
size = Vector2(110, 120)

[sub_resource type="RectangleShape2D" id="RectangleShape2D_sqcm8"]
size = Vector2(80, 120)

[sub_resource type="RectangleShape2D" id="RectangleShape2D_ygwut"]
size = Vector2(840, 124)

[sub_resource type="RectangleShape2D" id="RectangleShape2D_w67dy"]
size = Vector2(16, 104)

[sub_resource type="RectangleShape2D" id="RectangleShape2D_s4qng"]
size = Vector2(16, 668)

[sub_resource type="RectangleShape2D" id="RectangleShape2D_4nns4"]
size = Vector2(16, 356)

[sub_resource type="RectangleShape2D" id="RectangleShape2D_khv8p"]
size = Vector2(16, 376)

[sub_resource type="RectangleShape2D" id="RectangleShape2D_8h6dx"]
size = Vector2(12, 452)

[sub_resource type="RectangleShape2D" id="RectangleShape2D_5fwpj"]
size = Vector2(12, 72)

[sub_resource type="RectangleShape2D" id="RectangleShape2D_m3u8t"]
size = Vector2(8, 213)

[sub_resource type="RectangleShape2D" id="RectangleShape2D_v76sp"]
size = Vector2(816, 16)

[sub_resource type="RectangleShape2D" id="RectangleShape2D_fcfdm"]
size = Vector2(100, 128)

[sub_resource type="RectangleShape2D" id="RectangleShape2D_1um4u"]
size = Vector2(308, 128)

[sub_resource type="RectangleShape2D" id="RectangleShape2D_igxdm"]
size = Vector2(20, 404)

[sub_resource type="RectangleShape2D" id="RectangleShape2D_0g3or"]
size = Vector2(184, 128)

[sub_resource type="RectangleShape2D" id="RectangleShape2D_ka4bk"]
size = Vector2(176, 128)

[sub_resource type="RectangleShape2D" id="RectangleShape2D_rityn"]
size = Vector2(16, 96)

[sub_resource type="RectangleShape2D" id="RectangleShape2D_xxqie"]
size = Vector2(16, 812)

[sub_resource type="RectangleShape2D" id="RectangleShape2D_62480"]
size = Vector2(256, 124)

[sub_resource type="RectangleShape2D" id="RectangleShape2D_orgnv"]
size = Vector2(322, 128)

[sub_resource type="RectangleShape2D" id="RectangleShape2D_61ssu"]
size = Vector2(926, 128)

[sub_resource type="RectangleShape2D" id="RectangleShape2D_i6vl1"]
size = Vector2(138, 124)

[sub_resource type="RectangleShape2D" id="RectangleShape2D_n6ov5"]
size = Vector2(12, 1000)

[sub_resource type="RectangleShape2D" id="RectangleShape2D_84ajl"]
size = Vector2(12, 1000)

[sub_resource type="RectangleShape2D" id="RectangleShape2D_i2q2c"]
size = Vector2(121, 124)

[sub_resource type="RectangleShape2D" id="RectangleShape2D_v8856"]
size = Vector2(489.5, 124)

[sub_resource type="RectangleShape2D" id="RectangleShape2D_ncslf"]
size = Vector2(12, 1172)

[sub_resource type="RectangleShape2D" id="RectangleShape2D_6rc4j"]
size = Vector2(16, 56)

[sub_resource type="RectangleShape2D" id="RectangleShape2D_n7rdk"]
size = Vector2(960, 128)

[sub_resource type="RectangleShape2D" id="RectangleShape2D_gp3wc"]
size = Vector2(16, 16)

[sub_resource type="RectangleShape2D" id="RectangleShape2D_n3b12"]
size = Vector2(16, 1384)

[sub_resource type="RectangleShape2D" id="RectangleShape2D_0f7bc"]
size = Vector2(932, 16)

[sub_resource type="RectangleShape2D" id="RectangleShape2D_6u1h1"]
size = Vector2(4, 212)

[sub_resource type="RectangleShape2D" id="RectangleShape2D_v86f2"]
size = Vector2(8, 584)

[sub_resource type="RectangleShape2D" id="RectangleShape2D_rb2ks"]
size = Vector2(8, 52)

[sub_resource type="RectangleShape2D" id="RectangleShape2D_c5q8w"]
size = Vector2(876, 124)

[sub_resource type="RectangleShape2D" id="RectangleShape2D_bb68i"]
size = Vector2(876, 128)

[sub_resource type="RectangleShape2D" id="RectangleShape2D_fcwyy"]
size = Vector2(16, 1632)

[sub_resource type="RectangleShape2D" id="RectangleShape2D_4ojvv"]
size = Vector2(12, 944)

[sub_resource type="RectangleShape2D" id="RectangleShape2D_5ktyj"]
size = Vector2(248, 12)

[sub_resource type="RectangleShape2D" id="RectangleShape2D_5a8fx"]
size = Vector2(232.5, 902)

[sub_resource type="RectangleShape2D" id="RectangleShape2D_n3j4w"]
size = Vector2(913, 689.5)

[sub_resource type="RectangleShape2D" id="RectangleShape2D_n20au"]
size = Vector2(793.5, 708.5)

[sub_resource type="NavigationPolygon" id="NavigationPolygon_c3hqo"]
vertices = PackedVector2Array(-1461, -1248, -1462, -1264, -1398, -1266, -1397, -1249, -1461, 1231, -1530, 1232, -1524, 590, -1560, -94, -1560, -156, -1518, -155, -1519, -93, -1404, 1235, -1401, 1376, -1464, 1376, -742, -1251, -436, -1253, -436, -953, -1326, -954, -815, -1249, -438, 969, -437, 1235, -829, 1235, -1323, 968, -829, 1375, -896, 1375, -896, 1235, -1560, 590, -1560, 527, -1522, 527, -1507, -1210, -1507, -1246, -814, -1264, -743, -1265)
polygons = Array[PackedInt32Array]([PackedInt32Array(0, 1, 2, 3), PackedInt32Array(4, 5, 6), PackedInt32Array(7, 8, 9, 10), PackedInt32Array(11, 12, 13, 4), PackedInt32Array(14, 15, 16, 17, 18), PackedInt32Array(19, 20, 21, 22), PackedInt32Array(21, 23, 24, 25), PackedInt32Array(22, 21, 25), PackedInt32Array(22, 25, 11), PackedInt32Array(6, 26, 27, 28), PackedInt32Array(17, 29, 30, 0, 3, 18), PackedInt32Array(31, 32, 14, 18), PackedInt32Array(17, 22, 11, 4, 6, 28), PackedInt32Array(17, 28, 10, 9), PackedInt32Array(17, 9, 29)])
outlines = Array[PackedVector2Array]([PackedVector2Array(-1507, -1210, -1518, -155, -1560, -156, -1560, -94, -1519, -93, -1522, 527, -1560, 527, -1560, 590, -1524, 590, -1530, 1232, -1461, 1231, -1464, 1376, -1401, 1376, -1404, 1235, -896, 1235, -896, 1375, -829, 1375, -829, 1235, -437, 1235, -438, 969, -1323, 968, -1326, -954, -436, -953, -436, -1253, -742, -1251, -743, -1265, -814, -1264, -815, -1249, -1397, -1249, -1398, -1266, -1462, -1264, -1461, -1248, -1507, -1246)])
source_geometry_group_name = &"navigation_polygon_source_group"

[sub_resource type="NavigationPolygon" id="NavigationPolygon_gmeld"]
vertices = PackedVector2Array(285, 942, 307, 1256, 137, 1256, -434, -954, -435, -1253, 273, -1241, -425, -954, 281, -496, 19, -494, -421, 2379, -196, 1257, -188, 2380, 17, 481, 77, 1257, 93, 481, 92, -432, 279, -432, 137, 1372, 77, 1372)
polygons = Array[PackedInt32Array]([PackedInt32Array(0, 1, 2), PackedInt32Array(3, 4, 5, 6), PackedInt32Array(6, 5, 7, 8), PackedInt32Array(9, 6, 8, 10), PackedInt32Array(10, 11, 9), PackedInt32Array(10, 8, 12), PackedInt32Array(13, 10, 12, 14, 0, 2), PackedInt32Array(14, 15, 16, 0), PackedInt32Array(13, 2, 17, 18)])
outlines = Array[PackedVector2Array]([PackedVector2Array(-421, 2379, -188, 2380, -196, 1257, 77, 1257, 77, 1372, 137, 1372, 137, 1256, 307, 1256, 285, 942, 279, -432, 92, -432, 93, 481, 17, 481, 19, -494, 281, -496, 273, -1241, -435, -1253, -434, -954, -425, -954)])
source_geometry_group_name = &"navigation_polygon_source_group"

[sub_resource type="NavigationPolygon" id="NavigationPolygon_w0jpx"]
vertices = PackedVector2Array(1460, -918, 1459, -853, 1425, -856, 1423, -918, 1297, 1250, 1227, 1250, 307, 1249, 286, 954, 1206, 954, 1431, 1130, 1451, -1209, 1452, -1145, 1421, -1146, 1422, -1209, 1297, 1375, 1225, 1375, 1430, 1252, 521, -1243, 521, -1264, 588, -1264, 589, -1235, 1206, -953, 280, -953, 280, -1240, 1234, -1238, 1238, -1276, 1305, -1275, 1305, -1254, 1422, -1252)
polygons = Array[PackedInt32Array]([PackedInt32Array(0, 1, 2, 3), PackedInt32Array(4, 5, 6, 7, 8, 9), PackedInt32Array(10, 11, 12, 13), PackedInt32Array(14, 15, 5, 4), PackedInt32Array(9, 16, 4), PackedInt32Array(17, 18, 19, 20), PackedInt32Array(21, 22, 23, 17, 20), PackedInt32Array(21, 20, 24, 12, 3), PackedInt32Array(25, 26, 27, 24), PackedInt32Array(27, 28, 13, 12, 24), PackedInt32Array(2, 9, 8, 21, 3)])
outlines = Array[PackedVector2Array]([PackedVector2Array(280, -1240, 521, -1243, 521, -1264, 588, -1264, 589, -1235, 1234, -1238, 1238, -1276, 1305, -1275, 1305, -1254, 1422, -1252, 1422, -1209, 1451, -1209, 1452, -1145, 1421, -1146, 1423, -918, 1460, -918, 1459, -853, 1425, -856, 1431, 1130, 1430, 1252, 1297, 1250, 1297, 1375, 1225, 1375, 1227, 1250, 307, 1249, 286, 954, 1206, 954, 1206, -953, 280, -953)])
source_geometry_group_name = &"navigation_polygon_source_group"

[node name="GroundFloor" type="Node2D"]
script = ExtResource("1_28isf")
metadata/_edit_lock_ = true

[node name="MapSprite" type="Sprite2D" parent="."]
texture = ExtResource("2_mbg1v")
metadata/_edit_lock_ = true

[node name="AiTest" type="Node" parent="."]

[node name="BaseGuard" parent="AiTest" instance=ExtResource("3_08wls")]

[node name="Collisions" type="Node" parent="."]

[node name="WorldBoundaries" type="StaticBody2D" parent="Collisions"]

[node name="SouthBoundary" type="CollisionShape2D" parent="Collisions/WorldBoundaries"]
shape = SubResource("WorldBoundaryShape2D_2yvb5")

[node name="NorthBoundary" type="CollisionShape2D" parent="Collisions/WorldBoundaries"]
shape = SubResource("WorldBoundaryShape2D_jcot8")

[node name="EastBoundary" type="CollisionShape2D" parent="Collisions/WorldBoundaries"]
shape = SubResource("WorldBoundaryShape2D_c2naw")

[node name="WestBoundary" type="CollisionShape2D" parent="Collisions/WorldBoundaries"]
shape = SubResource("WorldBoundaryShape2D_xdt45")

[node name="Archive" type="StaticBody2D" parent="Collisions"]

[node name="CollisionShape2D9" type="CollisionShape2D" parent="Collisions/Archive"]
position = Vector2(1846.5, 1328)
shape = SubResource("RectangleShape2D_tjd2b")

[node name="CollisionShape2D8" type="CollisionShape2D" parent="Collisions/Archive"]
position = Vector2(1158, 1328)
shape = SubResource("RectangleShape2D_5raq1")

[node name="CollisionShape2D10" type="CollisionShape2D" parent="Collisions/Archive"]
position = Vector2(1094, 1834)
shape = SubResource("RectangleShape2D_puu5y")

[node name="JanitorRoom" type="StaticBody2D" parent="Collisions"]

[node name="CollisionShape2D6" type="CollisionShape2D" parent="Collisions/JanitorRoom"]
position = Vector2(439, 1328)
shape = SubResource("RectangleShape2D_8akau")

[node name="CollisionShape2D7" type="CollisionShape2D" parent="Collisions/JanitorRoom"]
position = Vector2(649, 1328)
shape = SubResource("RectangleShape2D_ymt0p")

[node name="CollisionShape2D11" type="CollisionShape2D" parent="Collisions/JanitorRoom"]
position = Vector2(378, 1888)
shape = SubResource("RectangleShape2D_2ohb4")

[node name="Elevator" type="StaticBody2D" parent="Collisions"]

[node name="CollisionShape2D9" type="CollisionShape2D" parent="Collisions/Elevator"]
position = Vector2(710, 1510)
shape = SubResource("RectangleShape2D_bql4v")

[node name="CollisionShape2D8" type="CollisionShape2D" parent="Collisions/Elevator"]
position = Vector2(1018, 1328)
shape = SubResource("RectangleShape2D_a6rax")

[node name="CollisionShape2D7" type="CollisionShape2D" parent="Collisions/Elevator"]
position = Vector2(778.5, 1328)
shape = SubResource("RectangleShape2D_d3yjt")

[node name="CollisionShape2D10" type="CollisionShape2D" parent="Collisions/Elevator"]
position = Vector2(894, 1692)
shape = SubResource("RectangleShape2D_u3clx")

[node name="Reception" type="StaticBody2D" parent="Collisions"]

[node name="CollisionShape2D5" type="CollisionShape2D" parent="Collisions/Reception"]
position = Vector2(-50, 1328)
shape = SubResource("RectangleShape2D_i1bw4")

[node name="CollisionShape2D6" type="CollisionShape2D" parent="Collisions/Reception"]
position = Vector2(267, 1328)
shape = SubResource("RectangleShape2D_203g7")

[node name="CollisionShape2D7" type="CollisionShape2D" parent="Collisions/Reception"]
position = Vector2(-160, 1888)
shape = SubResource("RectangleShape2D_alnon")

[node name="DirectorOffice" type="StaticBody2D" parent="Collisions"]

[node name="CollisionShape2D4" type="CollisionShape2D" parent="Collisions/DirectorOffice"]
position = Vector2(-628, 1328)
shape = SubResource("RectangleShape2D_1licr")

[node name="CollisionShape2D3" type="CollisionShape2D" parent="Collisions/DirectorOffice"]
position = Vector2(-1089, 1328)
shape = SubResource("RectangleShape2D_d1ioi")

[node name="CollisionShape2D7" type="CollisionShape2D" parent="Collisions/DirectorOffice"]
position = Vector2(-444, 1888)
shape = SubResource("RectangleShape2D_alnon")

[node name="CollisionShape2D8" type="CollisionShape2D" parent="Collisions/DirectorOffice"]
position = Vector2(-1274, 1888)
shape = SubResource("RectangleShape2D_f8uei")

[node name="EmployeeOffice" type="StaticBody2D" parent="Collisions"]

[node name="CollisionShape2D" type="CollisionShape2D" parent="Collisions/EmployeeOffice"]
position = Vector2(-1846, 1328)
shape = SubResource("RectangleShape2D_4j8jp")

[node name="CollisionShape2D3" type="CollisionShape2D" parent="Collisions/EmployeeOffice"]
position = Vector2(-1329, 1328)
shape = SubResource("RectangleShape2D_0vekn")

[node name="CollisionShape2D2" type="CollisionShape2D" parent="Collisions/EmployeeOffice"]
position = Vector2(-2348, 1328)
shape = SubResource("RectangleShape2D_sqcm8")

[node name="EmployeeBreakRoom" type="StaticBody2D" parent="Collisions"]

[node name="CollisionShape2D11" type="CollisionShape2D" parent="Collisions/EmployeeBreakRoom"]
position = Vector2(-1980, 350)
shape = SubResource("RectangleShape2D_ygwut")

[node name="CollisionShape2D12" type="CollisionShape2D" parent="Collisions/EmployeeBreakRoom"]
position = Vector2(-1568, 464)
shape = SubResource("RectangleShape2D_w67dy")

[node name="CollisionShape2D13" type="CollisionShape2D" parent="Collisions/EmployeeBreakRoom"]
position = Vector2(-1568, 934)
shape = SubResource("RectangleShape2D_s4qng")

[node name="CleaningRoom" type="StaticBody2D" parent="Collisions"]

[node name="CollisionShape2D14" type="CollisionShape2D" parent="Collisions/CleaningRoom"]
position = Vector2(-1980, -590)
shape = SubResource("RectangleShape2D_ygwut")

[node name="CollisionShape2D15" type="CollisionShape2D" parent="Collisions/CleaningRoom"]
position = Vector2(-1568, -350)
shape = SubResource("RectangleShape2D_4nns4")

[node name="CollisionShape2D16" type="CollisionShape2D" parent="Collisions/CleaningRoom"]
position = Vector2(-1568, 100)
shape = SubResource("RectangleShape2D_khv8p")

[node name="WestStairs" type="StaticBody2D" parent="Collisions"]

[node name="CollisionShape2D15" type="CollisionShape2D" parent="Collisions/WestStairs"]
position = Vector2(-1566, -1038)
shape = SubResource("RectangleShape2D_8h6dx")

[node name="CollisionShape2D16" type="CollisionShape2D" parent="Collisions/WestStairs"]
position = Vector2(-1566, -688)
shape = SubResource("RectangleShape2D_5fwpj")

[node name="CollisionShape2D17" type="CollisionShape2D" parent="Collisions/WestStairs"]
position = Vector2(-2208, -957.5)
shape = SubResource("RectangleShape2D_m3u8t")

[node name="CollisionPolygon2D" type="CollisionPolygon2D" parent="Collisions/WestStairs"]
polygon = PackedVector2Array(-2204, -960, -2204, -1064, -2176, -1064, -2176, -1072, -2144, -1072, -2144, -1080, -2112, -1080, -2112, -1088, -2080, -1088, -2080, -1096, -2048, -1096, -2048, -1104, -2016, -1104, -2016, -1112, -1984, -1112, -1984, -1120, -1952, -1120, -1952, -1128, -1920, -1128, -1920, -1136, -1888, -1136, -1888, -1144, -1856, -1144, -1856, -1152, -1824, -1152, -1824, -1160, -1792, -1160, -1792, -1168, -1760, -1168, -1760, -1176, -1728, -1176, -1728, -1184, -1696, -1184, -1696, -1192, -1664, -1192, -1664, -1200, -1632, -1200, -1632, -1208, -1600, -1208, -1600, -1216, -1576, -1216, -1576, -960)

[node name="CollisionPolygon2D2" type="CollisionPolygon2D" parent="Collisions/WestStairs"]
polygon = PackedVector2Array(-2388, -1216, -2208, -1216, -2208, -1224, -2176, -1224, -2176, -1232, -2144, -1232, -2144, -1240, -2112, -1240, -2112, -1248, -2080, -1248, -2080, -1256, -2048, -1256, -2048, -1264, -2016, -1264, -2016, -1272, -1984, -1272, -1984, -1280, -1952, -1280, -1952, -1288, -1920, -1288, -1920, -1296, -1888, -1296, -1888, -1304, -1856, -1304, -1856, -1312, -1824, -1312, -1824, -1320, -1792, -1320, -1792, -1328, -1760, -1328, -1760, -1336, -1728, -1336, -1728, -1344, -1696, -1344, -1696, -1352, -1664, -1352, -1664, -1360, -1632, -1360, -1632, -1368, -1600, -1368, -1600, -1376, -2388, -1376)

[node name="CollisionPolygon2D3" type="CollisionPolygon2D" parent="Collisions/WestStairs"]
polygon = PackedVector2Array(-2204, -856, -2172, -856, -2172, -848, -2140, -848, -2140, -840, -2108, -840, -2108, -832, -2076, -832, -2076, -824, -2044, -824, -2044, -816, -2012, -816, -2012, -808, -2016, -808, -2016, -812, -2048, -812, -2048, -820, -2080, -820, -2080, -828, -2112, -828, -2112, -836, -2144, -836, -2144, -844, -2176, -844, -2176, -852, -2204, -852)

[node name="CollisionPolygon2D4" type="CollisionPolygon2D" parent="Collisions/WestStairs"]
polygon = PackedVector2Array(-2012, -808, -1980, -808, -1980, -800, -1948, -800, -1948, -792, -1916, -792, -1916, -784, -1884, -784, -1884, -776, -1852, -776, -1852, -768, -1820, -768, -1820, -760, -1788, -760, -1788, -752, -1756, -752, -1756, -744, -1724, -744, -1724, -740, -1760, -740, -1760, -748, -1792, -748, -1792, -756, -1824, -756, -1824, -764, -1856, -764, -1856, -772, -1888, -772, -1888, -780, -1920, -780, -1920, -788, -1952, -788, -1952, -796, -1984, -796, -1984, -804, -2012, -804)

[node name="StorageRoom" type="StaticBody2D" parent="Collisions"]

[node name="CollisionShape2D16" type="CollisionShape2D" parent="Collisions/StorageRoom"]
position = Vector2(-1980, -1384)
shape = SubResource("RectangleShape2D_v76sp")

[node name="CollisionShape2D20" type="CollisionShape2D" parent="Collisions/StorageRoom"]
position = Vector2(-1522, -1328)
shape = SubResource("RectangleShape2D_fcfdm")

[node name="CollisionShape2D19" type="CollisionShape2D" parent="Collisions/StorageRoom"]
position = Vector2(-1230, -1328)
shape = SubResource("RectangleShape2D_1um4u")

[node name="Freezer" type="StaticBody2D" parent="Collisions"]

[node name="CollisionShape2D18" type="CollisionShape2D" parent="Collisions/Freezer"]
position = Vector2(-1530, -2074)
shape = SubResource("RectangleShape2D_igxdm")

[node name="CollisionShape2D20" type="CollisionShape2D" parent="Collisions/Freezer"]
position = Vector2(-1448, -1808)
shape = SubResource("RectangleShape2D_0g3or")

[node name="CollisionShape2D21" type="CollisionShape2D" parent="Collisions/Freezer"]
position = Vector2(-1180, -1808)
shape = SubResource("RectangleShape2D_ka4bk")

[node name="Kitchen" type="StaticBody2D" parent="Collisions"]

[node name="CollisionShape2D18" type="CollisionShape2D" parent="Collisions/Kitchen"]
position = Vector2(-1084, -1440)
shape = SubResource("RectangleShape2D_rityn")

[node name="CollisionShape2D17" type="CollisionShape2D" parent="Collisions/Kitchen"]
position = Vector2(-1084, -1982)
shape = SubResource("RectangleShape2D_xxqie")

[node name="CollisionShape2D22" type="CollisionShape2D" parent="Collisions/Kitchen"]
position = Vector2(-948, -1326)
shape = SubResource("RectangleShape2D_62480")

[node name="CollisionShape2D21" type="CollisionShape2D" parent="Collisions/Kitchen"]
position = Vector2(-571, -1324)
shape = SubResource("RectangleShape2D_orgnv")

[node name="Canteen" type="StaticBody2D" parent="Collisions"]

[node name="CollisionShape2D21" type="CollisionShape2D" parent="Collisions/Canteen"]
position = Vector2(53, -1324)
shape = SubResource("RectangleShape2D_61ssu")

[node name="CollisionShape2D23" type="CollisionShape2D" parent="Collisions/Canteen"]
position = Vector2(673, -1326)
shape = SubResource("RectangleShape2D_i6vl1")

[node name="CollisionShape2D17" type="CollisionShape2D" parent="Collisions/Canteen"]
position = Vector2(-410, -1888)
shape = SubResource("RectangleShape2D_n6ov5")

[node name="WC" type="StaticBody2D" parent="Collisions"]

[node name="CollisionShape2D17" type="CollisionShape2D" parent="Collisions/WC"]
position = Vector2(742, -1888)
shape = SubResource("RectangleShape2D_84ajl")

[node name="CollisionShape2D24" type="CollisionShape2D" parent="Collisions/WC"]
position = Vector2(1380.5, -1326)
shape = SubResource("RectangleShape2D_i2q2c")

[node name="CollisionShape2D25" type="CollisionShape2D" parent="Collisions/WC"]
position = Vector2(986.75, -1326)
shape = SubResource("RectangleShape2D_v8856")

[node name="SecuritySleepingRoom" type="StaticBody2D" parent="Collisions"]

[node name="CollisionShape2D17" type="CollisionShape2D" parent="Collisions/SecuritySleepingRoom"]
position = Vector2(1446, -1802)
shape = SubResource("RectangleShape2D_ncslf")

[node name="CollisionShape2D18" type="CollisionShape2D" parent="Collisions/SecuritySleepingRoom"]
position = Vector2(1448, -1100)
shape = SubResource("RectangleShape2D_6rc4j")

[node name="Workshop" type="StaticBody2D" parent="Collisions"]

[node name="CollisionShape2D16" type="CollisionShape2D" parent="Collisions/Workshop"]
position = Vector2(1920, -1008)
shape = SubResource("RectangleShape2D_n7rdk")

[node name="CollisionShape2D18" type="CollisionShape2D" parent="Collisions/Workshop"]
position = Vector2(1448, -936)
shape = SubResource("RectangleShape2D_gp3wc")

[node name="CollisionShape2D19" type="CollisionShape2D" parent="Collisions/Workshop"]
position = Vector2(1448, -148)
shape = SubResource("RectangleShape2D_n3b12")

[node name="CollisionShape2D20" type="CollisionShape2D" parent="Collisions/Workshop"]
position = Vector2(1922, 536)
shape = SubResource("RectangleShape2D_0f7bc")

[node name="EastStairs" type="StaticBody2D" parent="Collisions"]

[node name="CollisionPolygon2D" type="CollisionPolygon2D" parent="Collisions/EastStairs"]
polygon = PackedVector2Array(1448, 704, 1484, 704, 1484, 712, 1520, 712, 1520, 720, 1556, 720, 1556, 728, 1592, 728, 1592, 736, 1628, 736, 1628, 744, 1664, 744, 1664, 752, 1700, 752, 1700, 760, 1740, 760, 1740, 768, 1776, 768, 1776, 776, 1812, 776, 1812, 784, 1848, 784, 1848, 792, 1884, 792, 1884, 800, 1920, 800, 1920, 808, 1956, 808, 1956, 816, 1992, 816, 1992, 824, 2028, 824, 2028, 832, 2064, 832, 2064, 840, 2104, 840, 2104, 848, 2140, 848, 2140, 856, 2172, 856, 2172, 956, 1448, 956)

[node name="CollisionShape2D" type="CollisionShape2D" parent="Collisions/EastStairs"]
position = Vector2(2174, 962)
shape = SubResource("RectangleShape2D_6u1h1")

[node name="CollisionPolygon2D2" type="CollisionPolygon2D" parent="Collisions/EastStairs"]
polygon = PackedVector2Array(1952, 1112, 1916, 1112, 1916, 1120, 1880, 1120, 1880, 1128, 1844, 1128, 1844, 1136, 1808, 1136, 1808, 1144, 1772, 1144, 1772, 1152, 1732, 1152, 1732, 1160, 1696, 1160, 1696, 1168, 1660, 1168, 1660, 1176, 1632, 1176, 1632, 1180, 1664, 1180, 1664, 1172, 1700, 1172, 1700, 1164, 1740, 1164, 1740, 1156, 1776, 1156, 1776, 1148, 1812, 1148, 1812, 1140, 1848, 1140, 1848, 1132, 1884, 1132, 1884, 1124, 1920, 1124, 1920, 1116, 1952, 1116, 1952, 1112)

[node name="CollisionPolygon2D4" type="CollisionPolygon2D" parent="Collisions/EastStairs"]
polygon = PackedVector2Array(2172, 1064, 2136, 1064, 2136, 1072, 2096, 1072, 2096, 1080, 2060, 1080, 2060, 1088, 2024, 1088, 2024, 1096, 1988, 1096, 1988, 1104, 1952, 1104, 1952, 1112, 1952, 1112, 1956, 1112, 1956, 1108, 1992, 1108, 1992, 1100, 2028, 1100, 2028, 1092, 2064, 1092, 2064, 1084, 2104, 1084, 2104, 1076, 2140, 1076, 2140, 1068, 2172, 1068)

[node name="CollisionPolygon2D3" type="CollisionPolygon2D" parent="Collisions/EastStairs"]
polygon = PackedVector2Array(1452, 548, 1480, 548, 1480, 556, 1516, 556, 1516, 564, 1552, 564, 1552, 572, 1588, 572, 1588, 580, 1624, 580, 1624, 588, 1660, 588, 1660, 596, 1696, 596, 1696, 604, 1732, 604, 1732, 612, 1772, 612, 1772, 620, 1808, 620, 1808, 628, 1844, 628, 1844, 636, 1880, 636, 1880, 644, 1916, 644, 1916, 652, 1952, 652, 1952, 660, 1988, 660, 1988, 668, 2024, 668, 2024, 676, 2060, 676, 2060, 684, 2096, 684, 2096, 692, 2136, 692, 2136, 700, 2172, 700, 2172, 708, 2388, 708, 2388, 544, 1448, 544, 1448, 548)

[node name="CollisionShape2D2" type="CollisionShape2D" parent="Collisions/EastStairs"]
position = Vector2(1444, 836)
shape = SubResource("RectangleShape2D_v86f2")

[node name="CollisionShape2D3" type="CollisionShape2D" parent="Collisions/EastStairs"]
position = Vector2(1444, 1242)
shape = SubResource("RectangleShape2D_rb2ks")

[node name="EastInnerBlock" type="StaticBody2D" parent="Collisions"]

[node name="CollisionShape2D17" type="CollisionShape2D" parent="Collisions/EastInnerBlock"]
position = Vector2(750, -878)
shape = SubResource("RectangleShape2D_c5q8w")

[node name="CollisionShape2D12" type="CollisionShape2D" parent="Collisions/EastInnerBlock"]
position = Vector2(750, 880)
shape = SubResource("RectangleShape2D_bb68i")

[node name="CollisionShape2D19" type="CollisionShape2D" parent="Collisions/EastInnerBlock"]
position = Vector2(1180, 0)
shape = SubResource("RectangleShape2D_fcwyy")

[node name="CollisionShape2D20" type="CollisionShape2D" parent="Collisions/EastInnerBlock"]
position = Vector2(320, 1)
shape = SubResource("RectangleShape2D_fcwyy")

[node name="WestInnerBlock" type="StaticBody2D" parent="Collisions"]

[node name="CollisionShape2D13" type="CollisionShape2D" parent="Collisions/WestInnerBlock"]
position = Vector2(-874, 880)
shape = SubResource("RectangleShape2D_bb68i")

[node name="CollisionShape2D18" type="CollisionShape2D" parent="Collisions/WestInnerBlock"]
position = Vector2(-874, -878)
shape = SubResource("RectangleShape2D_c5q8w")

[node name="CollisionShape2D19" type="CollisionShape2D" parent="Collisions/WestInnerBlock"]
position = Vector2(-444, 1)
shape = SubResource("RectangleShape2D_fcwyy")

[node name="CollisionShape2D20" type="CollisionShape2D" parent="Collisions/WestInnerBlock"]
position = Vector2(-1304, 1)
shape = SubResource("RectangleShape2D_fcwyy")

[node name="CentralStairs" type="StaticBody2D" parent="Collisions"]

[node name="CollisionShape2D20" type="CollisionShape2D" parent="Collisions/CentralStairs"]
position = Vector2(58, -8)
shape = SubResource("RectangleShape2D_4ojvv")

[node name="CollisionShape2D21" type="CollisionShape2D" parent="Collisions/CentralStairs"]
position = Vector2(188, -474)
shape = SubResource("RectangleShape2D_5ktyj")

[node name="Stairs" type="Node" parent="."]

[node name="stairs" type="Area2D" parent="Stairs"]

[node name="center" type="CollisionShape2D" parent="Stairs/stairs"]
position = Vector2(185.75, -1)
shape = SubResource("RectangleShape2D_5a8fx")

[node name="right" type="CollisionShape2D" parent="Stairs/stairs"]
position = Vector2(1921.5, 905.25)
shape = SubResource("RectangleShape2D_n3j4w")

[node name="left" type="CollisionShape2D" parent="Stairs/stairs"]
position = Vector2(-1980.75, -1014.25)
shape = SubResource("RectangleShape2D_n20au")

[node name="Patients" type="Node" parent="."]

[node name="patient" parent="Patients" instance=ExtResource("4_vnssc")]
position = Vector2(-52, 1559)

[node name="patient2" parent="Patients" instance=ExtResource("5_1ivls")]
position = Vector2(-78, 670)

[node name="patient3" parent="Patients" instance=ExtResource("6_qqxck")]
position = Vector2(355, -1651)

[node name="patient4" parent="Patients" instance=ExtResource("7_6iklk")]
position = Vector2(-2025, -1736)

[node name="Inmates" type="Node" parent="Patients"]

[node name="patient5" parent="Patients/Inmates" instance=ExtResource("8_t4ab3")]
position = Vector2(1675, 1827)

[node name="patient6" parent="Patients/Inmates" instance=ExtResource("9_mqhjn")]
position = Vector2(99.9999, -1914)

[node name="Props" type="Node" parent="."]

[node name="BedTable" parent="Props" instance=ExtResource("10_77fkb")]
position = Vector2(1982, 1623)

[node name="Table" parent="Props" instance=ExtResource("11_ian6q")]
position = Vector2(2031, 1729)

[node name="Bookshelf" parent="Props" instance=ExtResource("12_0p1vm")]
position = Vector2(-323, -2306)

[node name="WoodenChairFront" parent="Props" instance=ExtResource("13_esblu")]
position = Vector2(1887, 1619)

[node name="WoodenChairSide" parent="Props" instance=ExtResource("14_uouv7")]
position = Vector2(2064, 1623)

[node name="TV" parent="Props" instance=ExtResource("15_nsawu")]
position = Vector2(1865, 1926)

[node name="Bookshelf2" parent="Props" instance=ExtResource("12_0p1vm")]
position = Vector2(165, -2306)

[node name="Bookshelf3" parent="Props" instance=ExtResource("12_0p1vm")]
position = Vector2(0.999969, -2306)

[node name="Bookshelf4" parent="Props" instance=ExtResource("12_0p1vm")]
position = Vector2(-161, -2306)

[node name="Bookshelf5" parent="Props" instance=ExtResource("12_0p1vm")]
position = Vector2(493, -2304)

[node name="Bookshelf6" parent="Props" instance=ExtResource("12_0p1vm")]
position = Vector2(329, -2304)

[node name="Bookshelf7" parent="Props" instance=ExtResource("12_0p1vm")]
position = Vector2(656, -2299)

[node name="Items" type="Node" parent="."]

[node name="Key" parent="Items" instance=ExtResource("16_tl4by")]
position = Vector2(1889, 1498)

[node name="Key2" parent="Items" instance=ExtResource("17_sn7me")]
position = Vector2(-2093, 682)

[node name="Key3" parent="Items" instance=ExtResource("18_mxsmr")]
position = Vector2(-1883, -1810)

[node name="plate" parent="Items" instance=ExtResource("19_t42o1")]
position = Vector2(1983, 1608)
scale = Vector2(2.5, 2.5)

[node name="UI" type="Node" parent="."]

[node name="CanvasLayer" type="CanvasLayer" parent="UI"]

[node name="Journal" parent="UI/CanvasLayer" instance=ExtResource("20_5vuep")]

[node name="StateChartDebugger" parent="UI/CanvasLayer" instance=ExtResource("21_8ll28")]
offset_left = 819.0
offset_top = 11.0
offset_right = -8.0
offset_bottom = -761.0

[node name="DirectorsOffice" type="Node2D" parent="."]
y_sort_enabled = true
position = Vector2(-855, 1844)
metadata/_edit_lock_ = true

[node name="Table" parent="DirectorsOffice" instance=ExtResource("11_ian6q")]
position = Vector2(-16, 293)

[node name="WoodenChairBack" parent="DirectorsOffice" instance=ExtResource("22_m25b4")]
position = Vector2(-25, 395)

[node name="PaintingLada" parent="DirectorsOffice" instance=ExtResource("23_bjkoy")]
position = Vector2(154, -517)

[node name="PaintingCastle" parent="DirectorsOffice" instance=ExtResource("24_r161a")]
position = Vector2(-168, -520)

[node name="JackDaniels" parent="DirectorsOffice" instance=ExtResource("25_uji0d")]
position = Vector2(33, 315)

[node name="Plate" parent="DirectorsOffice" instance=ExtResource("19_t42o1")]
position = Vector2(-23, 338)

[node name="TelevisionV1" parent="DirectorsOffice" instance=ExtResource("26_nv6jd")]
position = Vector2(-24, 314)
scale = Vector2(4, 4)

[node name="FlowerPot" parent="DirectorsOffice" instance=ExtResource("27_6re6b")]
position = Vector2(51, 254)
scale = Vector2(0.09, 0.09)

[node name="Clipboard" parent="DirectorsOffice" instance=ExtResource("28_olend")]
position = Vector2(-72, 327)

[node name="NavigationRegions" type="Node2D" parent="."]

[node name="LeftHall" type="NavigationRegion2D" parent="NavigationRegions"]
navigation_polygon = SubResource("NavigationPolygon_c3hqo")
metadata/_edit_lock_ = true

[node name="MiddleHall" type="NavigationRegion2D" parent="NavigationRegions"]
navigation_polygon = SubResource("NavigationPolygon_gmeld")
metadata/_edit_lock_ = true

[node name="RightHall" type="NavigationRegion2D" parent="NavigationRegions"]
navigation_polygon = SubResource("NavigationPolygon_w0jpx")
metadata/_edit_lock_ = true

[node name="GuardDutyFactory" parent="." instance=ExtResource("29_xl886")]
position = Vector2(-79, 178)

[node name="GuardGotoTask" parent="GuardDutyFactory" instance=ExtResource("30_aou57")]
position = Vector2(-254, 443)

[node name="GuardStandTask2" parent="GuardDutyFactory" instance=ExtResource("31_pwi2b")]
direction = 1
duration = 1

[node name="GuardGotoTask2" parent="GuardDutyFactory" instance=ExtResource("30_aou57")]
position = Vector2(-140, 820)

[node name="GuardStandTask3" parent="GuardDutyFactory" instance=ExtResource("31_pwi2b")]
direction = 3
duration = 1

[node name="GuardStandTask4" parent="GuardDutyFactory" instance=ExtResource("31_pwi2b")]
direction = 1
duration = 1

[node name="GuardGotoTask3" parent="GuardDutyFactory" instance=ExtResource("30_aou57")]
position = Vector2(92, 843)

[node name="GuardStandTask5" parent="GuardDutyFactory" instance=ExtResource("31_pwi2b")]
direction = 3
duration = 1

[node name="GuardStandTask" parent="GuardDutyFactory" instance=ExtResource("31_pwi2b")]
duration = 1

[node name="GuardGotoTask4" parent="GuardDutyFactory" instance=ExtResource("30_aou57")]
position = Vector2(-159, 962)

[node name="PlayerCamera" parent="." instance=ExtResource("32_vwgtx")]
position = Vector2(111, 908)
